Wild vs Penguins
(R1)
Created - 31 mars 2013 at 00:10
Goals
|
| Wild |
1 |
1 |
1 |
3 |
| Penguins |
1 |
1 |
0 |
2 |
|
Shots
|
| Wild |
6 |
15 |
7 |
28 |
| Penguins |
13 |
10 |
11 |
34 |
|
1st period
1. Penguins , Ted Purcell 17 (Andreas Johansson, Ryan Kesler) at 1:47
2. Wild , Rod Brind'Amour 10 (Adam Deadmarsh) at 16:35
Penalties :
Danil Markov (Min) for Hooking (Minor) at 7:14, Taylor Pyatt (Pit) for Interference (Minor) at 13:50
2nd period
3. Wild , Mark Recchi 27 (Chris Drury) at 1:42
4. Penguins , Ryan Getzlaf 19 (Ted Purcell) at 9:31 (PP)
Penalties :
Vaclav Prospal (Min) for Interference (Minor) at 4:06, Danil Markov (Min) for Roughing (Minor) at 9:23, Ben Eager (Pit) for Hooking (Minor) at 13:34
3rd period
5. Wild , Jozef Stumpel 22 (Mark Recchi, Chris Drury) at 8:38 (PP)
Penalties :
Martin Skoula (Pit) for Roughing (Minor) at 5:51, Marc-Édouard Vlasic (Pit) for Elbowing (Minor) at 8:18, Ryan Getzlaf (Pit) for High sticking (Minor) at 8:51, Nathan Dempsey (Min) for Hooking (Minor) at 8:51, Nathan Dempsey (Min) for Hooking (Minor) at 11:49, Fredrik Modin (Min) for Hooking (Minor) at 16:39
Goalie Stats
Martin Brodeur (Min), 32 saves from 34 shots - (0,941), W, 28-20-2, 60:00 minutes
Brian Elliott (Pit), 25 saves from 28 shots - (0,893), L, 14-12-3, 59:23 minutes
Players Stats for Wild
Player Name G A P +/- PIM S H SB GA TA FO MP PP MP PK MP
------------------------------------------------------------------------------------
Adam Deadmarsh 0 1 1 1 0 2 1 0 0 0 0/0 8:44 0:09 0:00
Anson Carter 0 0 0 -1 0 2 0 0 0 0 0/0 14:28 2:46 0:00
Bret Hedican 0 0 0 1 0 2 1 0 0 0 0/0 25:58 3:34 1:07
Chris Drury 0 2 2 1 0 3 1 1 1 0 12/24 20:36 3:30 1:44
Chris Higgins 0 0 0 1 0 2 3 0 0 0 0/0 14:12 0:19 3:16
Danil Markov 0 0 0 1 4 0 2 0 2 0 0/0 23:13 2:43 3:09
Fedor Tyutin 0 0 0 1 0 0 2 2 0 0 0/0 13:22 0:00 0:00
Fredrik Modin 0 0 0 0 2 0 1 0 0 0 0/0 8:00 0:00 0:15
Jozef Stumpel 1 0 1 -1 0 1 1 0 0 0 1/1 19:39 3:12 4:19
Mark Recchi 1 1 2 1 0 3 2 0 2 0 0/2 18:55 3:22 0:00
Mike Knuble 0 0 0 0 0 1 2 0 1 0 0/0 7:42 0:00 0:00
Mike Ricci 0 0 0 0 0 2 3 1 1 0 3/5 11:27 0:01 1:48
Nathan Dempsey 0 0 0 1 4 1 1 0 1 0 0/0 25:19 3:34 3:06
Niclas Wallin 0 0 0 -1 0 0 0 1 1 0 0/0 18:07 2:43 4:37
R.J. Umberger 0 0 0 1 0 2 1 0 0 0 0/3 17:34 2:46 0:14
Rod Brind'Amour 1 0 1 1 0 5 0 1 0 1 10/14 13:50 0:00 4:32
Shane Hnidy 0 0 0 -1 0 0 0 1 0 0 0/0 14:13 0:00 4:09
Vaclav Prospal 0 0 0 -1 2 2 1 0 0 2 5/12 14:32 2:46 0:00
Players Stats for Penguins
Player Name G A P +/- PIM S H SB GA TA FO MP PP MP PK MP
------------------------------------------------------------------------------------
Andreas Johansson 0 1 1 0 0 3 3 0 0 0 0/0 18:37 4:08 2:29
Andy Delmore 0 0 0 0 0 0 0 1 0 2 0/0 20:13 0:13 2:38
Ben Eager 0 0 0 0 2 1 0 0 0 0 0/1 8:48 0:06 0:18
Carlo Colaiacovo 0 0 0 0 0 1 0 1 1 0 0/0 18:16 4:18 1:01
Dan Hamhuis 0 0 0 -1 0 1 0 0 0 0 0/0 19:12 3:46 3:39
Darcy Tucker 0 0 0 0 0 0 4 0 0 0 0/0 14:44 2:23 0:00
Darren Reid 0 0 0 0 0 1 0 0 0 1 0/0 3:41 0:55 0:00
Marc-Édouard Vlasic 0 0 0 0 2 1 1 0 1 0 0/0 25:24 4:15 0:00
Martin Skoula 0 0 0 0 2 1 0 1 0 3 0/0 15:24 0:00 1:37
Mike Watt 0 0 0 -1 0 4 0 0 0 0 0/0 11:34 0:00 0:11
Riley Armstrong 0 0 0 0 0 0 1 0 0 0 1/2 11:44 0:51 2:21
Ruslan Fedotenko 0 0 0 -1 0 0 3 0 1 0 0/0 14:18 0:00 3:19
Ryan Getzlaf 1 0 1 0 2 5 4 0 0 0 11/25 17:51 3:56 0:37
Ryan Kesler 0 1 1 0 0 6 4 0 0 1 11/22 21:33 3:50 0:00
Steve Staios 0 0 0 -1 0 1 1 0 0 0 0/0 22:18 3:46 3:39
T.J. Hensick 0 0 0 -1 0 3 1 0 0 1 7/10 14:18 0:00 3:19
Taylor Pyatt 0 0 0 0 2 5 0 0 0 1 0/0 18:18 3:50 0:00
Ted Purcell 1 1 2 0 0 1 2 1 0 0 0/1 15:26 4:03 0:00
3 Stars
1 - Mark Recchi (Min)
2 - Ted Purcell (Pit)
3 - Chris Drury (Min)
Power Play
Wild - 1 on 4 Attempt(s) - 25,00%
Penguins - 1 on 5 Attempt(s) - 20,00%
Penalty Kill
Wild - 4 on 5 Attempt(s) - 80,00%
- Score 0 goal in Penalty Kill
Penguins - 3 on 4 Attempt(s) - 75,00%
- Score 0 goal in Penalty Kill
Official
Referees : Hasenfratz Mike and LaRue Dennis
Linesman : Brad Lazarowich and Steve Barton
Game Notes
Darren Reid is injured at 11:54 of 1st period (Strained Right Elbow)
Finance
Level 1 -- Attendance: 5377 (89,62%) -- Ticket Income 376 390 $
Level 2 -- Attendance: 4578 (91,56%) -- Ticket Income 219 744 $
Level 3 -- Attendance: 1794 (89,70%) -- Ticket Income 53 820 $
Level 4 -- Attendance: 3626 (90,65%) -- Ticket Income 58 016 $
Luxury Box -- Attendance: 982 (98,20%) -- Ticket Income 169 886 $
Game was played at the Igloo
Total Attendance: 16357 (90,87%)
Total Ticket Income: 877 856 $
Total Income: 877 856 $
Wild
5 vs 5 Forward
Center Left Wing Right Wing Time % Phy DF OF
1 Chris Drury R.J. Umberger Mark Recchi 40 0 1 4
2 Vaclav Prospal Jozef Stumpel Anson Carter 30 0 2 3
3 Rod Brind'Amour Chris Higgins Adam Deadmarsh 20 0 2 3
4 Mike Ricci Fredrik Modin Mike Knuble 10 0 2 3
5 vs 5 Defense
Defense Defense Time % Phy DF OF
1 Bret Hedican Nathan Dempsey 40 0 3 2
2 Danil Markov Fedor Tyutin 30 0 3 2
3 Niclas Wallin Shane Hnidy 20 0 4 1
4 Danil Markov Bret Hedican 10 0 3 2
PowerPlay Forward
Center Left Wing Right Wing Time % Phy DF OF
1 Chris Drury Jozef Stumpel Mark Recchi 60 0 0 5
2 Vaclav Prospal R.J. Umberger Anson Carter 40 0 0 5
PowerPlay Defense
Defense Defense Time % Phy DF OF
1 Bret Hedican Nathan Dempsey 60 0 2 3
2 Niclas Wallin Danil Markov 40 0 2 3
Penalty Kill 4 Players Forward
Center Wing Time % Phy DF OF
1 Rod Brind'Amour Jozef Stumpel 60 0 4 1
2 Mike Ricci Chris Higgins 40 0 4 1
Penalty Kill 4 Players Defense
Defense Defense Time % Phy DF OF
1 Danil Markov Niclas Wallin 60 0 5 0
2 Shane Hnidy Nathan Dempsey 40 0 5 0
Penalty Kill - 3 Players Forward
Forward Time % Phy DF OF
1 Rod Brind'Amour 60 0 4 1
2 Mike Ricci 40 0 4 1
Penalty Kill - 3 Players Defense
Defense Defense Time % Phy DF OF
1 Danil Markov Niclas Wallin 60 0 5 0
2 Shane Hnidy Nathan Dempsey 40 0 5 0
4 vs 4 Forward
Center Wing Time % Phy DF OF
1 Mark Recchi Chris Drury 60 0 2 3
2 Jozef Stumpel R.J. Umberger 40 0 2 3
4 vs 4 Defense
Defense Defense Time % Phy DF OF
1 Bret Hedican Nathan Dempsey 60 0 3 2
2 Danil Markov Shane Hnidy 40 0 3 2
Last Minutes Offensive
Center Left Wing Right Wing Defense Defense
Chris Drury Jozef Stumpel Mark Recchi Bret Hedican Nathan Dempsey
Last Minutes Defensive
Center Left Wing Right Wing Defense Defense
Rod Brind'Amour Mike Ricci Chris Higgins Danil Markov Shane Hnidy
Goaltenders
Starting : Martin Brodeur
Backup : Jamie Storr
Extra Forwards
Normal : Chris Drury, Mark Recchi, Jozef Stumpel - PP : Chris Drury, Mark Recchi - PK : Rod Brind'Amour
Extra Defensemen
Normal : Niclas Wallin, Bret Hedican, Nathan Dempsey - PP : Bret Hedican - PK : Nathan Dempsey, Shane Hnidy
Penalty Shots
Mark Recchi, Chris Drury, Jozef Stumpel, Vaclav Prospal, Mike Ricci
Penguins
5 vs 5 Forward
Center Left Wing Right Wing Time % Phy DF OF
1 Ryan Kesler Andreas Johansson Ted Purcell 38 0 1 4
2 Ryan Getzlaf Taylor Pyatt Darren Reid 38 0 1 4
3 T.J. Hensick Ruslan Fedotenko Mike Watt 17 0 1 4
4 Riley Armstrong Ben Eager Darcy Tucker 7 0 1 4
5 vs 5 Defense
Defense Defense Time % Phy DF OF
1 Andy Delmore Marc-Édouard Vlasic 40 0 1 4
2 Carlo Colaiacovo Martin Skoula 30 0 1 4
3 Dan Hamhuis Steve Staios 20 0 1 4
4 Steve Staios Marc-Édouard Vlasic 10 0 1 4
PowerPlay Forward
Center Left Wing Right Wing Time % Phy DF OF
1 Ryan Getzlaf Andreas Johansson Ted Purcell 60 0 1 4
2 Ryan Kesler Taylor Pyatt Darren Reid 40 0 1 4
PowerPlay Defense
Defense Defense Time % Phy DF OF
1 Carlo Colaiacovo Marc-Édouard Vlasic 60 0 1 4
2 Dan Hamhuis Steve Staios 40 1 1 3
Penalty Kill 4 Players Forward
Center Wing Time % Phy DF OF
1 T.J. Hensick Ruslan Fedotenko 60 1 3 1
2 Riley Armstrong Andreas Johansson 40 1 3 1
Penalty Kill 4 Players Defense
Defense Defense Time % Phy DF OF
1 Dan Hamhuis Steve Staios 60 1 3 1
2 Andy Delmore Martin Skoula 40 1 3 1
Penalty Kill - 3 Players Forward
Forward Time % Phy DF OF
1 Ruslan Fedotenko 60 1 1 3
2 Riley Armstrong 40 1 1 3
Penalty Kill - 3 Players Defense
Defense Defense Time % Phy DF OF
1 Steve Staios Carlo Colaiacovo 60 1 1 3
2 Dan Hamhuis Martin Skoula 40 1 1 3
4 vs 4 Forward
Center Wing Time % Phy DF OF
1 Ryan Kesler Darren Reid 60 0 1 4
2 Ryan Getzlaf Taylor Pyatt 40 0 1 4
4 vs 4 Defense
Defense Defense Time % Phy DF OF
1 Steve Staios Marc-Édouard Vlasic 60 0 1 4
2 Dan Hamhuis Martin Skoula 40 0 1 4
Last Minutes Offensive
Center Left Wing Right Wing Defense Defense
Ryan Kesler Taylor Pyatt Darren Reid Carlo Colaiacovo Marc-Édouard Vlasic
Last Minutes Defensive
Center Left Wing Right Wing Defense Defense
Ryan Kesler Ruslan Fedotenko Ted Purcell Carlo Colaiacovo Martin Skoula
Goaltenders
Starting : Brian Elliott
Backup : Jason LaBarbera
Extra Forwards
Normal : Ryan Getzlaf, Ryan Kesler, Taylor Pyatt - PP : Ryan Getzlaf, Ryan Kesler - PK : Ruslan Fedotenko
Extra Defensemen
Normal : Carlo Colaiacovo, Steve Staios, Dan Hamhuis - PP : Marc-Édouard Vlasic - PK : Steve Staios, Dan Hamhuis
Penalty Shots
Ryan Kesler, Ryan Getzlaf, Riley Armstrong, Darren Reid, Taylor Pyatt
% Time on Ice - Wild
Lines # - Real PCT - Wanted PCT - Time Play
Normal Forward
1 - 35% - 40% - 14:57
2 - 28% - 30% - 11:43
3 - 19% - 20% - 8:12
4 - 18% - 10% - 7:42
Normal Defense
1 - 43% - 40% - 18:10
2 - 31% - 30% - 13:04
3 - 21% - 20% - 8:49
4 - 6% - 10% - 2:31
PP Forward
1 - 56% - 60% - 3:31
2 - 44% - 40% - 2:46
PP Defense
1 - 57% - 60% - 3:34
2 - 43% - 40% - 2:43
PK Forward
1 - 78% - 60% - 6:16
2 - 22% - 40% - 1:48
PK Defense
1 - 59% - 60% - 4:44
2 - 41% - 40% - 3:20
PK3 Forward
1 - 0% - 60%
2 - 0% - 40%
PK3 Defense
1 - 0% - 60%
2 - 0% - 40%
44 Forward
1 - 84% - 60% - 1:40
2 - 16% - 40% - 0:19
44 Defense
1 - 66% - 60% - 1:18
2 - 34% - 40% - 0:41
Last Minute Offensive - 0:00
Last Minute Defensive - 1:06
Total
Forward - 60:00
Defense - 60:00
|
% Time on Ice - Penguins
Lines # - Real PCT - Wanted PCT - Time Play
Normal Forward
1 - 27% - 38% - 11:20
2 - 32% - 38% - 13:35
3 - 26% - 17% - 10:59
4 - 16% - 7% - 6:43
Normal Defense
1 - 39% - 40% - 16:45
2 - 31% - 30% - 13:16
3 - 21% - 20% - 9:00
4 - 8% - 10% - 3:36
PP Forward
1 - 47% - 60% - 3:49
2 - 53% - 40% - 4:15
PP Defense
1 - 53% - 60% - 4:18
2 - 47% - 40% - 3:46
PK Forward
1 - 86% - 60% - 5:25
2 - 14% - 40% - 0:52
PK Defense
1 - 58% - 60% - 3:39
2 - 42% - 40% - 2:38
PK3 Forward
1 - 0% - 60%
2 - 0% - 40%
PK3 Defense
1 - 0% - 60%
2 - 0% - 40%
44 Forward
1 - 100% - 60% - 1:59
2 - 0% - 40% - 0:00
44 Defense
1 - 63% - 60% - 1:15
2 - 37% - 40% - 0:44
Last Minute Offensive - 1:03
Last Minute Defensive - 0:00
Total
Forward - 60:00
Defense - 60:00
|
Play by Play
1st period
0:01 of 1st period - Ryan Kesler wins face-off versus Chris Drury in neutral zone.
1:35 of 1st period - Snap shot by Ryan Kesler.
1:35 of 1st period - Stopped by Martin Brodeur without a rebound.
1:36 of 1st period - Ryan Kesler wins face-off versus Vaclav Prospal in Wild zone.
1:43 of 1st period - Slapshot by Andreas Johansson.
1:43 of 1st period - Shot Misses the Net.
1:45 of 1st period - Snap shot by Andreas Johansson.
1:45 of 1st period - Stopped by Martin Brodeur with a rebound.
1:47 of 1st period - Snap shot by Ted Purcell.
1:47 of 1st period - Goal by Ted Purcell - Wild : 0 - Penguins : 1.
1:48 of 1st period - Chris Drury wins face-off versus Ryan Getzlaf in neutral zone.
1:59 of 1st period - Wrist shot by Chris Drury.
1:59 of 1st period - Shot Misses the Net.
2:59 of 1st period - Snap shot by Chris Drury.
2:59 of 1st period - Stopped by Brian Elliott with a rebound.
3:17 of 1st period - Snap shot by Mike Ricci.
3:17 of 1st period - Stopped by Brian Elliott without a rebound.
3:18 of 1st period - Mike Ricci wins face-off versus Ryan Getzlaf in Penguins zone.
4:25 of 1st period - Rod Brind'Amour is hit by Darcy Tucker and loses puck.
4:47 of 1st period - Martin Skoula is hit by Mike Ricci and loses puck.
4:52 of 1st period - Snap shot by Mike Ricci.
4:52 of 1st period - Shot Misses the Net.
4:54 of 1st period - Slapshot by Fedor Tyutin.
4:54 of 1st period - Shot Misses the Net.
5:12 of 1st period - Snap shot by Andreas Johansson.
5:12 of 1st period - Stopped by Martin Brodeur with a rebound.
5:14 of 1st period - Slapshot by Steve Staios.
5:14 of 1st period - Shot Blocked by Fedor Tyutin.
5:16 of 1st period - Snap shot by Andreas Johansson.
5:16 of 1st period - Deflect By Ryan Kesler.
5:16 of 1st period - Stopped by Martin Brodeur without a rebound.
5:17 of 1st period - Ryan Kesler wins face-off versus Chris Drury in Wild zone.
6:34 of 1st period - Wrist shot by Mike Watt.
6:34 of 1st period - Stopped by Martin Brodeur without a rebound.
6:35 of 1st period - Jozef Stumpel wins face-off versus Ryan Kesler in Wild zone.
6:46 of 1st period - Snap shot by Anson Carter.
6:46 of 1st period - Stopped by Brian Elliott with a rebound.
7:05 of 1st period - Slapshot by Steve Staios.
7:05 of 1st period - Stopped by Martin Brodeur with a rebound.
7:07 of 1st period - Snap shot by Ryan Getzlaf.
7:07 of 1st period - Stopped by Martin Brodeur with a rebound.
7:09 of 1st period - Snap shot by Dan Hamhuis.
7:09 of 1st period - Stopped by Martin Brodeur without a rebound.
7:10 of 1st period - Ryan Kesler wins face-off versus Chris Drury in Wild zone.
7:14 of 1st period - Minor Penalty to Danil Markov for Hooking.
7:15 of 1st period - Ryan Getzlaf wins face-off versus Rod Brind'Amour in Wild zone.
7:23 of 1st period - Wrist shot by Ryan Getzlaf.
7:23 of 1st period - Shot Misses the Net.
7:25 of 1st period - Wrist shot by Ted Purcell.
7:25 of 1st period - Shot Blocked by Niclas Wallin.
7:27 of 1st period - Slapshot by Marc-Édouard Vlasic.
7:27 of 1st period - Shot Blocked by Rod Brind'Amour.
7:29 of 1st period - Slapshot by Carlo Colaiacovo.
7:29 of 1st period - Shot Misses the Net.
8:16 of 1st period - Icing by Ryan Getzlaf.
8:17 of 1st period - Ryan Getzlaf wins face-off versus Chris Drury in Penguins zone.
9:14 of 1st period - Penalty to Danil Markov is over, Danil Markov is back on ice.
9:55 of 1st period - Andy Delmore is hit by Fredrik Modin and loses puck.
10:09 of 1st period - Off-side.
10:10 of 1st period - Ryan Getzlaf wins face-off versus Vaclav Prospal in neutral zone.
10:21 of 1st period - Darren Reid is hit by Nathan Dempsey and loses puck.
10:34 of 1st period - Nathan Dempsey is hit by Ted Purcell and loses puck.
10:43 of 1st period - Snap shot by Ted Purcell.
10:43 of 1st period - Shot Misses the Net.
10:59 of 1st period - Off-side.
11:00 of 1st period - T.J. Hensick wins face-off versus Rod Brind'Amour in neutral zone.
11:29 of 1st period - Snap shot by T.J. Hensick.
11:29 of 1st period - Stopped by Martin Brodeur with a rebound.
11:33 of 1st period - Snap shot by T.J. Hensick.
11:33 of 1st period - Shot Blocked by Fedor Tyutin.
11:43 of 1st period - Wrist shot by Mike Watt.
11:43 of 1st period - Stopped by Martin Brodeur with a rebound.
11:45 of 1st period - Snap shot by Mike Watt.
11:45 of 1st period - Deflect By Chris Drury.
11:45 of 1st period - Shot Hit the Post.
11:45 of 1st period - Puck is out of play.
11:46 of 1st period - Ryan Getzlaf wins face-off versus Vaclav Prospal in Wild zone.
11:47 of 1st period - Slapshot by Darren Reid.
11:47 of 1st period - Stopped by Martin Brodeur with a rebound.
11:53 of 1st period - Darren Reid is hit by Bret Hedican and loses puck.
11:54 of 1st period - Darren Reid from Penguins is injured at 11:54 of 1st period (Strained Right Elbow).
11:55 of 1st period - Ryan Kesler wins face-off versus Vaclav Prospal in Penguins zone.
12:02 of 1st period - Snap shot by Andreas Johansson.
12:02 of 1st period - Shot Misses the Net.
12:17 of 1st period - Marc-Édouard Vlasic is hit by Jozef Stumpel.
13:11 of 1st period - Slapshot by Steve Staios.
13:11 of 1st period - Shot Blocked by Shane Hnidy.
13:29 of 1st period - Niclas Wallin is hit by Ryan Kesler and loses puck.
13:46 of 1st period - Bret Hedican is hit by Ryan Getzlaf and loses puck.
13:50 of 1st period - Minor Penalty to Taylor Pyatt for Interference.
13:51 of 1st period - T.J. Hensick wins face-off versus Chris Drury in Penguins zone.
14:16 of 1st period - T.J. Hensick is hit by Vaclav Prospal and loses puck.
15:50 of 1st period - Penalty to Taylor Pyatt is over, Taylor Pyatt is back on ice.
16:05 of 1st period - Dan Hamhuis is hit by Adam Deadmarsh and loses puck.
16:31 of 1st period - Icing by Martin Skoula.
16:32 of 1st period - Rod Brind'Amour wins face-off versus T.J. Hensick in Penguins zone.
16:35 of 1st period - Snap shot by Rod Brind'Amour.
16:35 of 1st period - Deflect By Mike Watt.
16:35 of 1st period - Goal by Rod Brind'Amour - Wild : 1 - Penguins : 1.
16:36 of 1st period - Chris Drury wins face-off versus Ryan Getzlaf in neutral zone.
16:43 of 1st period - Snap shot by Mark Recchi.
16:43 of 1st period - Shot Misses the Net.
16:45 of 1st period - Wrist shot by Mark Recchi.
16:45 of 1st period - Shot Misses the Net.
16:47 of 1st period - Snap shot by Chris Drury.
16:47 of 1st period - Stopped by Brian Elliott without a rebound.
16:48 of 1st period - Ryan Kesler wins face-off versus Chris Drury in Penguins zone.
17:03 of 1st period - Wrist shot by Nathan Dempsey.
17:03 of 1st period - Shot Misses the Net.
17:15 of 1st period - Anson Carter is hit by Ryan Getzlaf.
17:39 of 1st period - Slapshot by Ryan Getzlaf.
17:39 of 1st period - Stopped by Martin Brodeur without a rebound.
17:40 of 1st period - Chris Drury wins face-off versus T.J. Hensick in Wild zone.
17:53 of 1st period - Slapshot by Bret Hedican.
17:53 of 1st period - Deflect By Ruslan Fedotenko.
17:53 of 1st period - Stopped by Brian Elliott without a rebound.
17:54 of 1st period - Vaclav Prospal wins face-off versus Ryan Kesler in Penguins zone.
18:57 of 1st period - Ruslan Fedotenko is hit by Chris Higgins and loses puck.
2nd period
0:01 of 2nd period - Ryan Getzlaf wins face-off versus Chris Drury in neutral zone.
0:06 of 2nd period - Wrist shot by Ryan Getzlaf.
0:06 of 2nd period - Deflect By Taylor Pyatt.
0:06 of 2nd period - Stopped by Martin Brodeur without a rebound.
0:07 of 2nd period - Ryan Getzlaf wins face-off versus Mark Recchi in Wild zone.
0:51 of 2nd period - Rod Brind'Amour is hit by Ruslan Fedotenko.
1:24 of 2nd period - Off-side.
1:25 of 2nd period - Vaclav Prospal wins face-off versus Ryan Getzlaf in neutral zone.
1:30 of 2nd period - Snap shot by Vaclav Prospal.
1:30 of 2nd period - Shot Misses the Net.
1:32 of 2nd period - Slapshot by Nathan Dempsey.
1:32 of 2nd period - Shot Blocked by Carlo Colaiacovo.
1:34 of 2nd period - Snap shot by Anson Carter.
1:34 of 2nd period - Stopped by Brian Elliott with a rebound.
1:40 of 2nd period - Slapshot by Vaclav Prospal.
1:40 of 2nd period - Stopped by Brian Elliott without a rebound.
1:41 of 2nd period - Chris Drury wins face-off versus Ted Purcell in Penguins zone.
1:42 of 2nd period - Wrist shot by Mark Recchi.
1:42 of 2nd period - Goal by Mark Recchi - Wild : 2 - Penguins : 1.
1:43 of 2nd period - Ryan Kesler wins face-off versus Chris Drury in neutral zone.
1:48 of 2nd period - Chris Drury is hit by Andreas Johansson and loses puck.
1:54 of 2nd period - Off-side.
1:55 of 2nd period - Chris Drury wins face-off versus Ryan Kesler in neutral zone.
2:08 of 2nd period - Snap shot by Mark Recchi.
2:08 of 2nd period - Stopped by Brian Elliott with a rebound.
2:10 of 2nd period - Slapshot by Bret Hedican.
2:10 of 2nd period - Deflect By Ryan Kesler.
2:10 of 2nd period - Stopped by Brian Elliott without a rebound.
2:11 of 2nd period - Ryan Getzlaf wins face-off versus Vaclav Prospal in Penguins zone.
2:15 of 2nd period - Off-side.
2:16 of 2nd period - Ryan Getzlaf wins face-off versus Vaclav Prospal in neutral zone.
2:21 of 2nd period - Wrist shot by Taylor Pyatt.
2:21 of 2nd period - Stopped by Martin Brodeur with a rebound.
2:49 of 2nd period - Snap shot by Riley Armstrong.
2:49 of 2nd period - Shot Misses the Net.
3:03 of 2nd period - Snap shot by Chris Higgins.
3:03 of 2nd period - Deflect By Rod Brind'Amour.
3:03 of 2nd period - Stopped by Brian Elliott with a rebound.
3:11 of 2nd period - Snap shot by Adam Deadmarsh.
3:11 of 2nd period - Stopped by Brian Elliott with a rebound.
3:13 of 2nd period - Snap shot by Rod Brind'Amour.
3:13 of 2nd period - Shot Misses the Net.
3:23 of 2nd period - Danil Markov is hit by Ted Purcell.
3:27 of 2nd period - Wrist shot by Ted Purcell.
3:27 of 2nd period - Shot Misses the Net.
3:29 of 2nd period - Slapshot by Andy Delmore.
3:29 of 2nd period - Shot Blocked by Mike Ricci.
3:31 of 2nd period - Slapshot by Andy Delmore.
3:31 of 2nd period - Shot Misses the Net.
3:43 of 2nd period - Jozef Stumpel is hit by Steve Staios and loses puck.
3:49 of 2nd period - Icing by Anson Carter.
3:50 of 2nd period - Ryan Kesler wins face-off versus Vaclav Prospal in Wild zone.
4:06 of 2nd period - Minor Penalty to Vaclav Prospal for Interference.
4:07 of 2nd period - Rod Brind'Amour wins face-off versus Ryan Getzlaf in Wild zone.
4:37 of 2nd period - Slapshot by Carlo Colaiacovo.
4:37 of 2nd period - Shot Misses the Net.
4:39 of 2nd period - Snap shot by Marc-Édouard Vlasic.
4:39 of 2nd period - Stopped by Martin Brodeur without a rebound.
4:40 of 2nd period - Rod Brind'Amour wins face-off versus Ryan Getzlaf in Wild zone.
6:06 of 2nd period - Penalty to Vaclav Prospal is over, Vaclav Prospal is back on ice.
6:29 of 2nd period - Carlo Colaiacovo is hit by Mike Ricci and loses puck.
6:46 of 2nd period - Snap shot by T.J. Hensick.
6:46 of 2nd period - Stopped by Martin Brodeur with a rebound.
7:04 of 2nd period - Danil Markov is hit by Ryan Kesler and loses puck.
7:15 of 2nd period - Carlo Colaiacovo is hit by Mike Ricci and loses puck.
7:33 of 2nd period - R.J. Umberger is hit by Ruslan Fedotenko and loses puck.
7:56 of 2nd period - Steve Staios is hit by Mike Knuble and loses puck.
8:11 of 2nd period - Steve Staios is hit by Fedor Tyutin and loses puck.
8:41 of 2nd period - Rod Brind'Amour is hit by Darcy Tucker and loses puck.
8:59 of 2nd period - Martin Skoula is hit by Mike Knuble.
9:23 of 2nd period - Minor Penalty to Danil Markov for Roughing.
9:24 of 2nd period - Ryan Getzlaf wins face-off versus Rod Brind'Amour in Wild zone.
9:31 of 2nd period - Snap shot by Ryan Getzlaf.
9:31 of 2nd period - Goal by Ryan Getzlaf - Wild : 2 - Penguins : 2.
9:32 of 2nd period - Chris Drury wins face-off versus Ryan Kesler in neutral zone.
9:34 of 2nd period - Off-side.
9:35 of 2nd period - Chris Drury wins face-off versus Ryan Kesler in neutral zone.
9:38 of 2nd period - Ryan Kesler is hit by R.J. Umberger and loses puck.
9:51 of 2nd period - Wrist shot by Mark Recchi.
9:51 of 2nd period - Shot Misses the Net.
10:19 of 2nd period - T.J. Hensick is hit by Chris Higgins and loses puck.
10:35 of 2nd period - Off-side.
10:36 of 2nd period - Ryan Getzlaf wins face-off versus Mike Ricci in neutral zone.
10:45 of 2nd period - Snap shot by Ryan Getzlaf.
10:45 of 2nd period - Shot Misses the Net.
10:47 of 2nd period - Snap shot by Taylor Pyatt.
10:47 of 2nd period - Stopped by Martin Brodeur with a rebound.
10:49 of 2nd period - Snap shot by Steve Staios.
10:49 of 2nd period - Shot Misses the Net.
10:51 of 2nd period - Wrist shot by Dan Hamhuis.
10:51 of 2nd period - Shot Misses the Net.
11:01 of 2nd period - Dan Hamhuis is hit by Mark Recchi and loses puck.
11:11 of 2nd period - Off-side.
11:12 of 2nd period - Ryan Getzlaf wins face-off versus Chris Drury in neutral zone.
11:15 of 2nd period - Backhand shot by Taylor Pyatt.
11:15 of 2nd period - Shot Misses the Net.
11:21 of 2nd period - Slapshot by Danil Markov.
11:21 of 2nd period - Shot Hit the Post.
11:49 of 2nd period - Wrist shot by T.J. Hensick.
11:49 of 2nd period - Stopped by Martin Brodeur without a rebound.
11:50 of 2nd period - Rod Brind'Amour wins face-off versus Ryan Kesler in Wild zone.
11:57 of 2nd period - Snap shot by Bret Hedican.
11:57 of 2nd period - Shot Blocked by Ted Purcell.
11:59 of 2nd period - Snap shot by Chris Higgins.
11:59 of 2nd period - Stopped by Brian Elliott with a rebound.
12:05 of 2nd period - Slapshot by Rod Brind'Amour.
12:05 of 2nd period - Shot Misses the Net.
12:15 of 2nd period - Bret Hedican is hit by Ryan Getzlaf and loses puck.
12:38 of 2nd period - Wrist shot by Mike Watt.
12:38 of 2nd period - Stopped by Martin Brodeur with a rebound.
13:28 of 2nd period - Snap shot by Chris Higgins.
13:28 of 2nd period - Stopped by Brian Elliott without a rebound.
13:29 of 2nd period - Riley Armstrong wins face-off versus R.J. Umberger in Penguins zone.
13:29 of 2nd period - Riley Armstrong is hit by Chris Drury.
13:34 of 2nd period - Minor Penalty to Ben Eager for Hooking.
13:35 of 2nd period - T.J. Hensick wins face-off versus Chris Drury in Penguins zone.
15:34 of 2nd period - Penalty to Ben Eager is over, Ben Eager is back on ice.
15:51 of 2nd period - Wrist shot by Ben Eager.
15:51 of 2nd period - Stopped by Martin Brodeur with a rebound.
17:09 of 2nd period - Icing by Carlo Colaiacovo.
17:10 of 2nd period - T.J. Hensick wins face-off versus Mike Ricci in Penguins zone.
17:29 of 2nd period - Fedor Tyutin is hit by Ruslan Fedotenko.
17:37 of 2nd period - Snap shot by Mark Recchi.
17:37 of 2nd period - Shot Misses the Net.
17:56 of 2nd period - Ryan Getzlaf is hit by Chris Higgins and loses puck.
18:16 of 2nd period - Icing by Nathan Dempsey.
18:17 of 2nd period - Vaclav Prospal wins face-off versus Ryan Getzlaf in Wild zone.
18:43 of 2nd period - Slapshot by Nathan Dempsey.
18:43 of 2nd period - Shot Misses the Net.
18:59 of 2nd period - Snap shot by Mark Recchi.
18:59 of 2nd period - Shot Misses the Net.
19:01 of 2nd period - Snap shot by R.J. Umberger.
19:01 of 2nd period - Stopped by Brian Elliott with a rebound.
19:03 of 2nd period - Backhand shot by R.J. Umberger.
19:03 of 2nd period - Stopped by Brian Elliott with a rebound.
19:12 of 2nd period - Icing by Carlo Colaiacovo.
19:13 of 2nd period - Rod Brind'Amour wins face-off versus Riley Armstrong in Penguins zone.
19:18 of 2nd period - Snap shot by Chris Higgins.
19:18 of 2nd period - Shot Misses the Net.
19:20 of 2nd period - Wrist shot by Adam Deadmarsh.
19:20 of 2nd period - Stopped by Brian Elliott with a rebound.
19:22 of 2nd period - Snap shot by Adam Deadmarsh.
19:22 of 2nd period - Shot Misses the Net.
19:24 of 2nd period - Slapshot by Rod Brind'Amour.
19:24 of 2nd period - Stopped by Brian Elliott with a rebound.
19:26 of 2nd period - Slapshot by Chris Higgins.
19:26 of 2nd period - Deflect By Rod Brind'Amour.
19:26 of 2nd period - Stopped by Brian Elliott with a rebound.
19:43 of 2nd period - Snap shot by Andreas Johansson.
19:43 of 2nd period - Stopped by Martin Brodeur without a rebound.
19:44 of 2nd period - Chris Drury wins face-off versus Ryan Kesler in Wild zone.
19:55 of 2nd period - Wrist shot by Mark Recchi.
19:55 of 2nd period - Stopped by Brian Elliott without a rebound.
19:56 of 2nd period - Ryan Kesler wins face-off versus R.J. Umberger in Penguins zone.
3rd period
0:01 of 3rd period - Ryan Kesler wins face-off versus R.J. Umberger in neutral zone.
0:10 of 3rd period - Snap shot by Ryan Kesler.
0:10 of 3rd period - Stopped by Martin Brodeur with a rebound.
0:26 of 3rd period - Vaclav Prospal is hit by Marc-Édouard Vlasic and loses puck.
0:35 of 3rd period - Snap shot by Darcy Tucker.
0:35 of 3rd period - Shot Misses the Net.
0:44 of 3rd period - Icing by Jozef Stumpel.
0:45 of 3rd period - T.J. Hensick wins face-off versus Rod Brind'Amour in Wild zone.
1:55 of 3rd period - Wrist shot by Ryan Kesler.
1:55 of 3rd period - Stopped by Martin Brodeur without a rebound.
1:56 of 3rd period - Chris Drury wins face-off versus Ryan Getzlaf in Wild zone.
1:56 of 3rd period - Chris Drury is hit by Ryan Getzlaf.
2:35 of 3rd period - Wrist shot by Vaclav Prospal.
2:35 of 3rd period - Stopped by Brian Elliott without a rebound.
2:36 of 3rd period - Rod Brind'Amour wins face-off versus Ben Eager in Penguins zone.
3:03 of 3rd period - Chris Drury is hit by Ryan Kesler.
3:29 of 3rd period - Dan Hamhuis is hit by Fedor Tyutin and loses puck.
3:34 of 3rd period - Snap shot by Anson Carter.
3:34 of 3rd period - Shot Misses the Net.
3:44 of 3rd period - Niclas Wallin is hit by Andreas Johansson and loses puck.
4:27 of 3rd period - Wrist shot by Mark Recchi.
4:27 of 3rd period - Deflect By Chris Drury.
4:27 of 3rd period - Stopped by Brian Elliott with a rebound.
4:29 of 3rd period - Snap shot by Nathan Dempsey.
4:29 of 3rd period - Shot Blocked by Andy Delmore.
4:43 of 3rd period - Slapshot by T.J. Hensick.
4:43 of 3rd period - Shot Misses the Net.
4:53 of 3rd period - Slapshot by Mike Watt.
4:53 of 3rd period - Stopped by Martin Brodeur with a rebound.
5:03 of 3rd period - Snap shot by Ryan Getzlaf.
5:03 of 3rd period - Stopped by Martin Brodeur with a rebound.
5:05 of 3rd period - Snap shot by Ryan Getzlaf.
5:05 of 3rd period - Stopped by Martin Brodeur without a rebound.
5:06 of 3rd period - Vaclav Prospal wins face-off versus Ryan Getzlaf in Wild zone.
5:11 of 3rd period - Slapshot by Danil Markov.
5:11 of 3rd period - Deflect By Anson Carter.
5:11 of 3rd period - Shot Misses the Net.
5:11 of 3rd period - Puck is out of play.
5:12 of 3rd period - Vaclav Prospal wins face-off versus Ryan Kesler in Penguins zone.
5:48 of 3rd period - Wrist shot by Taylor Pyatt.
5:48 of 3rd period - Stopped by Martin Brodeur with a rebound.
5:51 of 3rd period - Minor Penalty to Martin Skoula for Roughing.
5:52 of 3rd period - T.J. Hensick wins face-off versus Chris Drury in Penguins zone.
7:51 of 3rd period - Penalty to Martin Skoula is over, Martin Skoula is back on ice.
8:18 of 3rd period - Minor Penalty to Marc-Édouard Vlasic for Elbowing.
8:19 of 3rd period - T.J. Hensick wins face-off versus Chris Drury in Penguins zone.
8:30 of 3rd period - Slapshot by Chris Drury.
8:30 of 3rd period - Deflect By Jozef Stumpel.
8:30 of 3rd period - Shot Misses the Net.
8:30 of 3rd period - Puck is out of play.
8:31 of 3rd period - Chris Drury wins face-off versus T.J. Hensick in Penguins zone.
8:34 of 3rd period - Wrist shot by Chris Drury.
8:34 of 3rd period - Shot Misses the Net.
8:36 of 3rd period - Wrist shot by Mark Recchi.
8:36 of 3rd period - Shot Misses the Net.
8:38 of 3rd period - Snap shot by Jozef Stumpel.
8:38 of 3rd period - Goal by Jozef Stumpel - Wild : 3 - Penguins : 2.
8:39 of 3rd period - Chris Drury wins face-off versus Ryan Getzlaf in neutral zone.
8:42 of 3rd period - Wrist shot by Mark Recchi.
8:42 of 3rd period - Shot Misses the Net.
8:51 of 3rd period - Minor Penalty to Ryan Getzlaf for High sticking.
8:51 of 3rd period - Minor Penalty to Nathan Dempsey for Hooking.
8:52 of 3rd period - Ryan Kesler wins face-off versus Mark Recchi in Wild zone.
8:55 of 3rd period - Snap shot by Ryan Kesler.
8:55 of 3rd period - Shot Blocked by Chris Drury.
8:57 of 3rd period - Slapshot by Steve Staios.
8:57 of 3rd period - Shot Misses the Net.
9:17 of 3rd period - Mark Recchi is hit by Andreas Johansson and loses puck.
10:51 of 3rd period - Penalty to Ryan Getzlaf is over, Ryan Getzlaf is back on ice.
10:51 of 3rd period - Penalty to Nathan Dempsey is over, Nathan Dempsey is back on ice.
11:04 of 3rd period - Snap shot by Nathan Dempsey.
11:04 of 3rd period - Stopped by Brian Elliott without a rebound.
11:05 of 3rd period - Mike Ricci wins face-off versus Ryan Getzlaf in Penguins zone.
11:12 of 3rd period - Wrist shot by Mike Ricci.
11:12 of 3rd period - Stopped by Brian Elliott without a rebound.
11:13 of 3rd period - Mike Ricci wins face-off versus Ryan Getzlaf in Penguins zone.
11:14 of 3rd period - Snap shot by Mike Knuble.
11:14 of 3rd period - Stopped by Brian Elliott with a rebound.
11:20 of 3rd period - Slapshot by Carlo Colaiacovo.
11:20 of 3rd period - Stopped by Martin Brodeur with a rebound.
11:22 of 3rd period - Snap shot by Ryan Kesler.
11:22 of 3rd period - Stopped by Martin Brodeur with a rebound.
11:24 of 3rd period - Snap shot by Taylor Pyatt.
11:24 of 3rd period - Shot Misses the Net.
11:26 of 3rd period - Slapshot by Martin Skoula.
11:26 of 3rd period - Stopped by Martin Brodeur without a rebound.
11:27 of 3rd period - Chris Drury wins face-off versus Ryan Getzlaf in Wild zone.
11:49 of 3rd period - Minor Penalty to Nathan Dempsey for Hooking.
11:50 of 3rd period - Rod Brind'Amour wins face-off versus Ryan Getzlaf in Wild zone.
12:21 of 3rd period - Danil Markov is hit by Darcy Tucker and loses puck.
13:45 of 3rd period - Andy Delmore is hit by Danil Markov and loses puck.
13:49 of 3rd period - Penalty to Nathan Dempsey is over, Nathan Dempsey is back on ice.
14:42 of 3rd period - Mark Recchi is hit by Darcy Tucker and loses puck.
15:14 of 3rd period - Snap shot by Adam Deadmarsh.
15:14 of 3rd period - Shot Blocked by Martin Skoula.
15:24 of 3rd period - R.J. Umberger is hit by Riley Armstrong and loses puck.
15:41 of 3rd period - Dan Hamhuis is hit by Mark Recchi and loses puck.
16:27 of 3rd period - Danil Markov is hit by T.J. Hensick and loses puck.
16:39 of 3rd period - Minor Penalty to Fredrik Modin for Hooking.
16:40 of 3rd period - Rod Brind'Amour wins face-off versus Ryan Kesler in Wild zone.
16:40 of 3rd period - Rod Brind'Amour is hit by Ryan Kesler.
17:12 of 3rd period - Slapshot by Ryan Kesler.
17:12 of 3rd period - Shot Misses the Net.
17:38 of 3rd period - Dan Hamhuis is hit by Danil Markov and loses puck.
18:39 of 3rd period - Penalty to Fredrik Modin is over, Fredrik Modin is back on ice.
19:17 of 3rd period - Wrist shot by Rod Brind'Amour.
19:17 of 3rd period - Stopped by Brian Elliott with a rebound.
19:23 of 3rd period - Penguins, Brian Elliott is pulled from the net.
19:31 of 3rd period - Snap shot by Ryan Kesler.
19:31 of 3rd period - Stopped by Martin Brodeur without a rebound.
19:32 of 3rd period - Joel Quenneville call a timeout for Penguins.
19:32 of 3rd period - Rod Brind'Amour wins face-off versus Ryan Kesler in Wild zone.
19:47 of 3rd period - Wrist shot by Taylor Pyatt.
19:47 of 3rd period - Stopped by Martin Brodeur without a rebound.
19:48 of 3rd period - Rod Brind'Amour wins face-off versus Ryan Kesler in Wild zone.
Output by the SimonT Hockey Simulator (STHS) for François Prévost -- Original Page W3C XHTML 1.0 Valid